 Dungeon Crawl Stone Soup version 0.21.1-1-g345015fe64 (webtiles) character file.

158 Kisielow the Changer (level 5, -2/37 HPs)
             Began as a Merfolk Transmuter on June 11, 2018.
             Slain by a gnoll
             ... wielding a +0 spear
              (6 damage)
             ... on level 3 of the Dungeon.
             The game lasted 00:05:14 (3142 turns).

Kisielow the Changer (Merfolk Transmuter)           Turns: 3142, Time: 00:05:15

Health: -2/37      AC:  2    Str: 11    XL:     5   Next: 40%
Magic:  3/8        EV:  7    Int: 13    God:
Gold:   181        SH:  0    Dex: 14    Spells: 4/8 levels left

rFire    . . .     SeeInvis .     - Unarmed
rCold    . . .     Gourm    .   (no shield)
rNeg     . . .     Faith    .   b - +0 robe
rPois    .         Spirit   .   (no helmet)
rElec    .         Reflect  .   (no cloak)
rCorr    .         Harm     .   (no gloves)
MR       .....                  (no boots)
Stlth    +.........             (no amulet)
HPRegen  0.12/turn              (no ring)
MPRegen  0.11/turn              (no ring)

@: very slightly contaminated, held
A: change form in water, swift swim, stealthy swim
a: no special abilities


You were on level 3 of the Dungeon.
You were very hungry.

You visited 1 branch of the dungeon, and saw 4 of its levels.

You collected 181 gold pieces.

Inventory:

Missiles
 a - 12 arrows
Armour
 b - a +0 robe (worn)
Jewellery
 g - an uncursed amulet of the gourmand {unknown}
Scrolls
 f - 2 scrolls of enchant weapon {unknown}
 i - 2 scrolls of remove curse {unknown}
 j - a scroll of fear {unknown}
 k - 4 scrolls of identify {unknown}
 n - a scroll of teleportation {unknown}
 r - a scroll of enchant armour {unknown}
Potions
 e - 2 potions of might {unknown}
 h - 3 potions of curing
 l - a potion of degeneration {unknown}
 m - 2 potions of mutation {unknown}
 o - a potion of cancellation {unknown}
 p - a potion of ambrosia {unknown}
Books
 c - a book of Changes

   Spells                             Type                      Level
   a - Beastly Appendage              Transmutation                1
   b - Sticks to Snakes               Transmutation                2
   c - Spider Form                    Transmutation/Poison         3
   d - Ice Form                       Ice/Transmutation            4
   e - Blade Hands                    Transmutation                5
Comestibles
 d - 6 rations


   Skills:
 + Level 1.5 Fighting
 + Level 2.9 Dodging
 + Level 4.6 Unarmed Combat
 - Level 2.0 Spellcasting
 * Level 5.7 Transmutations


You had 4 spell levels left.
You knew the following spells:

 Your Spells              Type           Power        Failure   Level  Hunger
a - Beastly Appendage     Tmut           ###...       2%          1    ##.....
q - Spider Form           Tmut/Pois      #.........   24%         3    ####...


Dungeon Overview and Level Annotations

Branches:
Dungeon (4/15)
 Temple: D:4-7

Altars:
Elyvilon


Message History

You kill the gnoll!
You hit the gnoll.
The gnoll is poisoned.
The gnoll is moderately wounded.
The gnoll closely misses you.
The gnoll hits you from afar with a spear.
* * * LOW HITPOINT WARNING * * *
You hit the gnoll but do no damage.
The gnoll is moderately wounded.
Your transformation has ended.
Your +0 robe unmelds from your body.
The gnoll hits you.
* * * LOW HITPOINT WARNING * * *
The gnoll hits you from afar with a spear.
* * * LOW HITPOINT WARNING * * *
The gnoll throws a throwing net.
The throwing net hits you.
You become entangled in the net!
You see here a throwing net.
You tear a large gash into the net.
You struggle against the net.
The gnoll hits you but does no damage.
The gnoll hits you from afar with a spear.
You die...

#_.)...................#.#..# #
#..#...#...#...#...#...#.#..# ..
#...................#..#.#..#
#..#####################<).......
........# #.###.####......#...
#...oK#######..................<
.....#.......#####.####.....####.
###..#######gKgg............####.
#g. #####@########.#...... #g.
#.# #.#...... #.. #.# #.#......
#.. #.# #.#...... g..
#.########........
#.................
##############.### #.# # #.# #


You could see 3 gnolls and a kobold.

Vanquished Creatures
  Terence (D:2)
  3 gnolls
  4 adders (D:2)
  3 oozes
  3 worms
  A dart slug (D:1)
  3 leopard geckos
  An orc (D:3)
  A ball python (D:2)
  5 bats
  5 giant cockroaches
  7 goblins
  2 hobgoblins (D:2)
  2 jackals (D:3)
  3 kobolds
  A quokka (D:2)
  A frilled lizard (D:1)
  2 rats
48 creatures vanquished.

Notes
Turn   | Place    | Note
-------+----------+-------------------------------------------
     0 | D:1      | Kisielow the Merfolk Transmuter began the quest for the Orb.
     0 | D:1      | Reached XP level 1. HP: 15/15 MP: 3/3
   438 | D:1      | Reached XP level 2. HP: 21/21 MP: 5/5
   716 | D:1      | Reached XP level 3. HP: 22/26 MP: 6/6
   721 | D:1      | Learned a level 3 spell: Spider Form
   765 | D:1      | Reached skill level 3 in Transmutations
  1616 | D:2      | Reached skill level 4 in Transmutations
  1616 | D:2      | Reached XP level 4. HP: 20/32 MP: 0/7
  2182 | D:2      | Noticed Terence
  2194 | D:2      | Killed Terence
  2194 | D:2      | Reached skill level 5 in Transmutations
  2260 | D:2      | Reached XP level 5. HP: 37/37 MP: 2/8
  2745 | D:3      | Found a white marble altar of Elyvilon.
  3142 | D:3      | Slain by a gnoll

Skill      XL: |  1  2  3  4 |
---------------+-------------+-----
Unarmed Combat | 4 |  4.6
Transmutations | 4 5 |  5.7
Fighting       | |  1.5
Dodging        | |  2.9
Spellcasting   | |  2.0

Action                   |  1- 3 |  4- 6 || total
-------------------------+-------+-------++-------
Melee: Unarmed           |    85 |    96 ||   181
       Punch             |     2 |       ||     2
       Headbutt          |     2 |       ||     2
 Cast: Beastly Appendage |     3 |       ||     3
       Spider Form       |     2 |    11 ||    13
  Use: Potion            |     1 |       ||     1
 Stab: Sleeping          |       |     1 ||     1
  Eat: Ration            |     1 |       ||     1
       Chunk             |       |     5 ||     5
Armor: Robe              |     6 |     5 ||    11
       Skin              |       |     2 ||     2
Dodge: Dodged            |    55 |    94 ||   149
